 Dungeon Crawl Stone Soup version 0.28.0-43-g3370ac3207 (webtiles) character file.

Game seed: 10986561768918754767

9 cbfl8 the Sneak (level 2, 0/27 HPs)
             Began as a Minotaur Delver on Mar 3, 2022.
             Succumbed to an adder's poison
             ... on level 5 of the Dungeon.
             The game lasted 00:00:11 (12 turns).

cbfl8 the Sneak (Minotaur Delver)                     Turns: 12, Time: 00:00:11

Health: 0/27       AC:  3    Str: 16    XL:     2   Next: 3%
Magic:  1/1        EV: 11    Int:  7    God:
Gold:   18         SH:  0    Dex: 11    Spells: 1/1 levels left

rFire   . . .      SeeInvis .   a - +0 hand axe
rCold   . . .      Faith    .   (no shield)
rNeg    . . .      Spirit   .   b - +0 leather armour
rPois   .          Reflect  .   (helmet restricted)
rElec   .          Harm     .   (no cloak)
rCorr   .          Rampage  .   (no gloves)
Will    .....                   (no boots)
Stlth   +.........              (no amulet)
HPRegen 0.09/turn               (no ring)
MPRegen 0.07/turn               (no ring)

@: lethally poisoned (0 -> -4), very slow
A: horns 2, retaliatory headbutt
a: no special abilities


You were on level 5 of the Dungeon.
You visited 1 branch of the dungeon, and saw 1 of its levels.

You collected 18 gold pieces.

Inventory:

Hand Weapons
 a - a +0 hand axe (weapon)
Armour
 b - a +0 leather armour (worn)
Wands
 g - a wand of digging (3)
Scrolls
 c - a scroll of fog
 e - a scroll of fear
Potions
 f - a potion of haste


   Skills:
 + Level 3.7 Fighting
 + Level 2.4 Axes
 + Level 0.2 Armour
 + Level 2.2 Dodging
 + Level 4.4 Stealth


You had one spell level left.
You didn't know any spells.
Your spell library was empty.

Dungeon Overview and Level Annotations

Branches:
Dungeon (5/15)
 Temple: D:4-7

Altars:

Portals:
Sewer: D:5


Innate Abilities, Weirdness & Mutations

You have a pair of horns on your head.
You reflexively headbutt those who attack you in melee.


Message History

Found 18 gold pieces.
Found a stone staircase leading down.
As you read the scroll of magic mapping, it crumbles to dust.
You feel aware of your surroundings.
You sensed 1 altar, and 1 shop/portal.
An adder comes into view.
You see here 18 gold pieces.
You now have 18 gold pieces.
The adder hisses angrily.
The adder barely misses you.
You miss the adder. The adder bites you but does no damage.
A dart slug comes into view.
The adder bites you.
You are poisoned.
The adder poisons you!
You barely miss the adder.
You feel sick. The adder bites you.
You closely miss the adder. You headbutt the adder.
The adder is moderately wounded.
You feel sick. The adder bites you. x2
You hit the adder.
The adder is severely wounded.
You feel sick.
You are no longer poisoned.
The adder bites you.
* * * LOW HITPOINT WARNING * * *
The adder barely misses you.
You closely miss the adder.
The adder is severely wounded.
The adder bites you.
* * * LOW HITPOINT WARNING * * *
You are lethally poisoned!
The adder poisons you!
Unknown command.
You hit the adder. You headbutt the adder.
You kill the adder!
* * * LOW HITPOINT WARNING * * *
You feel sick.
You have reached level 2!
You enter the shallow water.
Moving in this stuff is going to be slow.
Found a glowing drain.
You die...

*,*,<,,*,,,,,,,,,,,,,,,,,*,,,
***,*******##.#**.##******,≈,≈,
*,,,,,,,,,,,...,...# *,,≈,≈
************,..*#..# *,,,,*
*,#.##..# ******
*,*.....###********* ****
*,*#.......,,,,,,,,, ,,,*
**########...#######****** ,,,*
*≈∩≈≈≈≈≈≈@..........,,*,,, ,,,*
****########...#######*,*,**
****
*,,,,,........>.......,,*,*
******####.###.#######,,*,**
*,,,,,,,...* #.# *,,,,*,*,
*******###***#.# *,**,*,*,
*,,,,,..# *,**,*,*,
*,****###****,**,*,*,
*,,,,,,,,,,**,**,*,*,


There were no monsters in sight!

Vanquished Creatures
  An adder (D:5)
1 creature vanquished.

Notes
Turn   | Place    | Note
-------+----------+-------------------------------------------
     0 | D:5      | cbfl8 the Minotaur Delver began the quest for the Orb.
     0 | D:5      | Reached XP level 1. HP: 19/19 MP: 0/0
    12 | D:5      | Reached XP level 2. HP: 2/27 MP: 1/1
    12 | D:5      | Found a glowing drain.
    12 | D:5      | Succumbed to an adder's poison

Illustrated notes

Levels and vault maps discovered:
D:5:      layout_basic, nicolae_ru_path_of_blood, portal_sewer_entry_d,
          uniq_crazy_yiuf_cottage, uniq_duvessa, uniq_prince_ribbit1

Action                   || total
-------------------------++-------
Melee: Hand axe          ||     6
       Headbutt          ||     2
  Use: Scroll            ||     1
Armor: Leather armour    ||     1
Dodge: Dodged            ||     2
